 Dungeon Crawl Stone Soup version 0.17.1-3-g152610e (webtiles) character file.

112 Zhenya25pyc the Skirmisher (level 4, 0/29 HPs)
             Began as a Gargoyle Fighter on Apr 1, 2016.
             Slain by Grinder (5 damage)
             ... on level 3 of the Dungeon.
             The game lasted 00:05:45 (1363 turns).

Zhenya25pyc the Skirmisher (Gargoyle Fighter)       Turns: 1363, Time: 00:05:45

Health: 0/29       AC: 13    Str: 20    XL:     4   Next: 95%
Magic:  4/4        EV:  5    Int:  9    God:
Gold:   53         SH:  9    Dex:  9    Spells: 0 memorised, 3 levels left

rFire  . . .     SeeInvis .     i - +0 mace
rCold  . . .     Clarity  .     m - +0 chain mail
rNeg   + . .     SustAt   .     c - +0 shield
rPois  ∞         Gourm    .     (no helmet)
rElec  +         Spirit   .     (no cloak)
rCorr  .         Warding  .     (no gloves)
rMut   .         Stasis   .     (no boots)
MR     .....                    (no amulet)
Stlth  ..........               (no ring)
                                (no ring)

@: hasted, very quick, not resistant to hostile enchantments, extremely
unstealthy
A: negative energy resistance 1, electricity resistance, unbreathing,
petrification resistance, rot immunity, AC +3
a: no special abilities


You were on level 3 of the Dungeon.
You were not hungry.

You visited 1 branch of the dungeon, and saw 3 of its levels.

You collected 53 gold pieces.

Inventory:

Hand Weapons
 a - a +0 flail
 i - a +0 mace (weapon)
Armour
 c - a +0 shield (worn)
 m - a +0 chain mail (worn)
Scrolls
 b - 2 scrolls of remove curse {unknown}
 f - a scroll of magic mapping {unknown}
 j - a scroll of amnesia {unknown}
 k - 2 scrolls of identify {unknown}
Potions
 d - a potion of might
 l - a potion of heal wounds {unknown}
 n - a potion of curing {unknown}
 o - a potion of haste
Comestibles
 e - a bread ration
 g - a slice of pizza
 h - 5 fruits


   Skills:
 + Level 4.1 Fighting
 * Level 3.7 Maces & Flails
 + Level 4.1 Armour
 - Level 3.2 Shields


You had 3 spell levels left.
You didn't know any spells.

Dungeon Overview and Level Annotations

Branches:
Dungeon (3/15)

Altars:
Vehumet

Annotations:
D:3 Grinder


Innate Abilities, Weirdness & Mutations

You are resistant to torment.
Your stone body is resilient (AC +3).
You are immune to poison.
You resist negative energy.
You are resistant to electric shocks.
You can survive without breathing.
You are immune to petrification.
You are immune to rotting.


Message History

You are too injured to fight recklessly!
You are too injured to fight recklessly!
You are too injured to fight recklessly!
You are too injured to fight recklessly!
You are too injured to fight recklessly!
You are too injured to fight recklessly!
You are too injured to fight recklessly!
You are too injured to fight recklessly!
You are too injured to fight recklessly!
You are too injured to fight recklessly!
You are too injured to fight recklessly!
You are too injured to fight recklessly!
You are too injured to fight recklessly!
You are too injured to fight recklessly!
You are too injured to fight recklessly!
You are too injured to fight recklessly!
You are too injured to fight recklessly!
Unknown command.
It was a potion of haste.
You feel yourself speed up. Grinder hits you.
You die...

.....
.................##.#..
.....
.....(...........##.#.##
#####
#########............. .
# #.####...##.#. # #
#########.# #....#.# #
$.......#.####....#.# #
........#...........# .
# ..$.....######......#
# .
......5@............# ..
.......†#######.....# ..
..................#.# ..
.......(########..#...
........#.........# ..#
#######.#.######.## #
#.# #.# #.# #.. ###


You could see Grinder.

Vanquished Creatures
  Natasha (D:3)
  5 adders
  2 worms (D:2)
  2 giant geckos
  3 orcs (D:3)
  3 bats (D:2)
  3 giant cockroaches
  2 goblins (D:2)
  3 hobgoblins
  2 jackals (D:2)
  3 kobolds
  5 rats
34 creatures vanquished.

Notes
Turn   | Place    | Note
--------------------------------------------------------------
     0 | D:1      | Zhenya25pyc the Gargoyle Fighter began the quest for the Orb.
     0 | D:1      | Reached XP level 1. HP: 14/14 MP: 1/1
    49 | D:1      | You fall through a shaft!
   235 | D:2      | Reached XP level 2. HP: 5/19 MP: 2/2
   608 | D:2      | Reached XP level 3. HP: 23/23 MP: 3/3
  1019 | D:2      | Reached XP level 4. HP: 29/29 MP: 4/4
  1214 | D:3      | Reached skill level 4 in Fighting
  1217 | D:3      | Found a radiant altar of Vehumet.
  1217 | D:3      | Noticed Natasha
  1225 | D:3      | Killed Natasha
  1351 | D:3      | Noticed Grinder
  1363 | D:3      | Slain by Grinder

Action                   |  1- 3 |  4- 6 || total
-------------------------+-------+-------++-------
Melee: Flail             |    77 |       ||    77
       Dagger            |     3 |       ||     3
       Mace              |    31 |    76 ||   107
Throw: Stone             |     7 |       ||     7
  Use: Potion            |       |     1 ||     1
  Eat: Chunk             |       |     2 ||     2
